AoeStats
← 客官

Arena

507678311Analyzed
4v4 RM · 14d ago on Sep 19, 2026· 36m 32s· 8 players
Game mode
Random Map
Map size
Large (8 player)
Population
200
Speed
Normal
Resources
Standard
Victory
Conquest
Starting age
Dark Age
Ending age
Imperial Age
RankedLock teamsTeams togetherTeam positionsShared explorationLock speedFull tech treeHidden civsTurbo modeCheats
Victory
Defeat
🇹🇼 Jurchens · Taiwan
1399
+12
🇹🇼 Celts · Taiwan
1395
+12
🇲🇽 Italians · Mexico
1365
+13
🇹🇼 Persians · Taiwan
1360
+14
🇨🇳 Magyars · China
1370
-14
🇹🇼 Cumans · Taiwan
1327
-14
🇦🇷 Koreans · Argentina
1291
-12
1258
-11
feely
8:52 Feudal Age
9:34 Double-Bit Axe
10:22 Loom
10:50 Horse Collar
20:04 Castle Age
19:11 Wheelbarrow
18:59 Gold Mining
19:17 Scale Barding Armor
20:02 Stone Mining
20:53 Bloodlines
21:02 Bow Saw
21:52 Chain Barding Armor
22:48 Town Watch
23:48 Forging
26:34 Hand Cart
32:21 Imperial Age
33:47 Plate Barding Armor
32:34 Cavalier
35:48 Conscription
客官
8:30 Feudal Age
6:48 Loom
10:14 Double-Bit Axe
11:58 Town Watch
12:50 Wheelbarrow
11:40 Man-at-Arms
16:56 Horse Collar
24:26 Castle Age
23:06 Gold Mining
23:14 Stone Mining
23:25 Fletching
23:36 Padded Archer Armor
25:32 Bodkin Arrow
25:53 Leather Archer Armor
26:01 Thumb Ring
26:45 Wheelbarrow
37:17 Ballistics
Nightmare
9:50 Feudal Age
13:47 Castle Age
12:31 Double-Bit Axe
12:28 Horse Collar
14:46 Bow Saw
14:37 Heavy Plow
21:13 Wheelbarrow
21:30 Town Watch
21:39 Stone Mining
22:26 Gold Mining
23:27 Hand Cart
24:27 Gold Shaft Mining
24:37 Loom
25:47 Fletching
28:54 Imperial Age
27:13 Bodkin Arrow
27:55 Stone Shaft Mining
28:18 Ballistics
27:39 Treadmill Crane
28:14 Eupseong
27:58 Crossbowman
30:35 Chemistry
30:09 Bracer
31:17 Thumb Ring
34:40 Siege Engineers
34:24 Arrowslits
我知道你很急 但我不急
11:30 Feudal Age
16:01 Castle Age
14:09 Horse Collar
18:34 Wheelbarrow
19:50 Heavy Plow
19:39 Loom
23:13 Treadmill Crane
24:52 Gold Mining
24:53 Stone Mining
28:59 Imperial Age
27:23 Hand Cart
27:36 Scale Barding Armor
29:09 Chain Barding Armor
28:59 Forging
29:34 Bloodlines
29:24 Husbandry
31:40 Plate Barding Armor
31:37 Elite Battle Elephant
33:01 Iron Casting
34:00 Crop Rotation
34:45 Blast Furnace
34:49 Gold Shaft Mining
36:21 Conscription
36:01 Howdah
IiLeo M
10:09 Feudal Age
14:04 Castle Age
12:48 Double-Bit Axe
12:56 Horse Collar
21:43 Bow Saw
21:20 Town Watch
25:01 Wheelbarrow
25:04 Fletching
25:14 Padded Archer Armor
25:03 Loom
28:05 Imperial Age
26:23 Ballistics
25:55 Fletching
26:55 Bodkin Arrow
27:15 Gold Mining
27:43 Leather Archer Armor
27:32 Heavy Plow
27:28 Stone Mining
28:31 Hand Cart
28:02 Loom
28:41 Thumb Ring
29:54 Chemistry
29:48 Town Patrol
30:28 Bracer
31:05 Crop Rotation
31:37 Two-Man Saw
31:27 Scale Barding Armor
31:32 Forging
32:02 Light Cavalry
32:53 Bloodlines
32:43 Husbandry
33:31 Ring Archer Armor
32:24 Elite Genoese Crossbowman
33:17 Hussar
37:06 Conscription
黃金
10:35 Feudal Age
14:24 Castle Age
13:13 Double-Bit Axe
13:09 Horse Collar
18:42 Bow Saw
20:44 Loom
21:39 Wheelbarrow
24:08 Heavy Plow
24:02 Gold Mining
25:18 Scale Barding Armor
25:23 Forging
26:27 Bloodlines
26:18 Husbandry
27:11 Chain Barding Armor
27:26 Iron Casting
28:03 Hand Cart
27:34 Loom
28:32 Gold Shaft Mining
27:48 Stone Mining
30:54 Imperial Age
28:11 Town Watch
30:19 Stone Shaft Mining
30:37 Cavalier
31:54 Plate Barding Armor
32:19 Blast Furnace
32:06 Devotion
32:45 Fletching
32:24 Savar
33:23 Murder Holes
33:48 Ballistics
34:23 Conscription
[UZN]Listenphone
10:23 Feudal Age
11:59 Fletching
16:09 Castle Age
15:44 Double-Bit Axe
16:17 Loom
28:35 Wheelbarrow
29:59 Horse Collar
30:33 Bow Saw
31:18 Bow Saw
38:00 Imperial Age
36:24 Hand Cart
37:03 Ballistics
royalchen
10:10 Feudal Age
14:02 Castle Age
12:26 Double-Bit Axe
12:21 Horse Collar
15:09 Bow Saw
15:56 Heavy Plow
21:03 Wheelbarrow
21:07 Forging
20:44 Loom
22:42 Scale Barding Armor
23:46 Gold Mining
25:07 Iron Casting
25:09 Bloodlines
25:51 Chain Barding Armor
28:15 Husbandry
31:56 Imperial Age
32:10 Gold Shaft Mining
31:25 Stone Mining
33:43 Chemistry
32:32 Elite Steppe Lancer
34:53 Blast Furnace
35:10 Plate Barding Armor
37:08 Conscription
Connection lost

Rejoining the realm…

Still unreachable

The connection could not be restored.

Session expired

The server has moved on; the page needs a fresh start.